 Dungeon Crawl Stone Soup version 0.24-a0-584-g9d6b971ae4 (webtiles) character file.

Game seed: 13152745907155168281, levelgen mode: deterministic

88 Gynju the Chiller (level 4, 0/30 HPs)
             Began as a Demonspawn Ice Elementalist on Sept 6, 2019.
             Slain by a gnoll
             ... wielding a +0 whip
              (10 damage)
             ... on level 1 of the Dungeon.
             The game lasted 00:03:07 (1804 turns).

Gynju the Chiller (Demonspawn Ice Elementalist)     Turns: 1804, Time: 00:03:07

Health: 0/30       AC:  4    Str:  9    XL:     4   Next: 29%
Magic:  1/8        EV: 12    Int: 16    God:
Gold:   104        SH:  0    Dex: 14    Spells: 6/9 levels left

rFire    . . .     SeeInvis .   l - +2 flail (protect)
rCold    . . .     Gourm    .   (no shield)
rNeg     . . .     Faith    .   a - +0 robe
rPois    .         Spirit   .   (helmet restricted)
rElec    .         Reflect  .   (no cloak)
rCorr    .         Harm     .   (no gloves)
MR       .....                  (no boots)
Stlth    ++........             (no amulet)
HPRegen  0.10/turn              (no ring)
MPRegen  0.11/turn              (no ring)

@: no status effects
A: horns 1, slimy green scales 1, powered by death 1
a: no special abilities


You were on level 1 of the Dungeon.
You were hungry.

You visited 1 branch of the dungeon, and saw 2 of its levels.

You collected 104 gold pieces.

Inventory:

Hand Weapons
 l - a +2 flail of protection (weapon)
Armour
 a - a +0 robe (worn)
Scrolls
 b - a scroll of enchant weapon {unknown}
 d - a scroll of enchant armour {unknown}
 f - 2 scrolls of amnesia {unknown}
 i - a scroll of magic mapping {unknown}
 k - a scroll of identify {unknown}
Potions
 e - a potion of magic {unknown}
 g - 2 potions of lignification {unknown}
 h - a potion of curing {unknown}
 j - 2 potions of brilliance {unknown}
Comestibles
 c - 3 rations


   Skills:
 - Level 1.7 Dodging
 - Level 1.7 Stealth
 + Level 3.3 Spellcasting
 - Level 1.0 Conjurations
 + Level 3.8 Ice Magic


You had 6 spell levels left.
You knew the following spells:

 Your Spells              Type           Power        Failure   Level  Hunger
a - Freeze                Ice            ##..         3%          1    None
b - Throw Frost           Conj/Ice       ##....       10%         2    ##.....

Your spell library contained the following spells:

 Spells                   Type           Power        Failure   Level  Hunger
 Ozocubu's Armour         Chrm/Ice       #.......     24%         3    ###....
 Throw Icicle             Conj/Ice       ##......     54%         4    ####...
 Summon Ice Beast         Ice/Summ       #.......     63%         4    ####...


Dungeon Overview and Level Annotations

Branches:
Dungeon (2/15)

Altars:


Innate Abilities, Weirdness & Mutations

You have a pair of small horns on your head.
You are partially covered in slimy green scales. (AC +2)
You regenerate a little health from kills.


Message History

The gnoll closely misses you.
You climb upwards.
There is a stone staircase leading down here.
Casting: Throw Frost (safe; 10% risk of failure)
Confirm with . or Enter, or press ? or * to list all spells.
Aiming: Freeze (safe; 3% risk of failure)
Press: ? - help, Shift-Dir - straight line, f - gnoll
Aim: a gnoll, wielding a +0 whip You freeze the gnoll.
The gnoll is lightly wounded.
The gnoll closely misses you.
You barely miss the gnoll.
The gnoll is lightly wounded.
The gnoll hits you with a +0 whip!
* * * LOW HITPOINT WARNING * * *
The gnoll misses you.
You closely miss the gnoll. You headbutt the gnoll.
The gnoll is lightly wounded.
The gnoll hits you with a +0 whip!
You die...

.#.................###.#.#.# #..
.#.##########.###......#.#># #..
.................#.#####.#.# ##..
.#.##.#######.#..#.÷.......# #...
.#.##.# ###..#)#####.#####.#.
......# #..#.# #.####.#.. ##.#..#
#..#.#####......... ##.#..######
#..#......####.###. ...........##
#.@#####.......# #.
####..###...###g.######.####.###.
#.>..÷...............#####...#
####.####...###########..........
#....# ##.## #.######### #.####
#.# #.# # #.# #.# #.# ### #.# #.#
#.# ##.# #.# #.# #.# #...


You could see a gnoll.

Vanquished Creatures
  An adder (D:2)
  5 gnolls
  A worm (D:2)
  5 bats
  2 goblins (D:1)
  6 hobgoblins
  2 ball pythons
  3 frilled lizards
  4 kobolds (D:1)
  2 rats
31 creatures vanquished.

Notes
Turn   | Place    | Note
-------+----------+-------------------------------------------
     0 | D:1      | Gynju the Demonspawn Ice Elementalist began the quest for
                  | the Orb.
     0 | D:1      | Reached XP level 1. HP: 13/13 MP: 3/3
    76 | D:1      | Gained mutation: You regenerate a little health from kills.
                  | [demonic ancestry]
    76 | D:1      | Reached XP level 2. HP: 19/19 MP: 1/5
    89 | D:1      | Learned a level 2 spell: Throw Frost
   915 | D:2      | Gained mutation: You are partially covered in slimy green
                  | scales. (AC +2) [demonic ancestry]
   915 | D:2      | Reached XP level 3. HP: 24/24 MP: 2/7
  1358 | D:2      | Gained mutation: You have a pair of small horns on your
                  | head. [demonic ancestry]
  1358 | D:2      | Reached XP level 4. HP: 7/30 MP: 1/8
  1804 | D:1      | Slain by a gnoll

Levels and vault maps discovered:
D:1:      dpeg_arrival_more_subterranean_lakeside_camping, layout_loops_ring,
          chequers_arboretum
D:2:      layout_loops_cross, elyvilon_altar_1

Skill      XL: |  1  2  3 |
---------------+----------+-----
Ice Magic      | 3 |  3.8
Spellcasting   | 3 |  3.3
Dodging        | |  1.7
Stealth        | |  1.7
Conjurations   | |  1.0

Action                   |  1- 3 |  4- 6 || total
-------------------------+-------+-------++-------
Melee: Mace              |    20 |       ||    20
       Flail             |       |     3 ||     3
       Headbutt          |       |     1 ||     1
 Cast: Freeze            |    31 |     1 ||    32
       Throw Frost       |    10 |    10 ||    20
  Eat: Chunk             |     1 |     2 ||     3
Armor: Robe              |    10 |       ||    10
Dodge: Dodged            |    40 |     5 ||    45

Table legend:
 A = Non-vault XP
 B = Vault XP
 C = Vault XP percentage of total XP
 D = Non-vault monster count
 E = Vault monster count
 F = Vault count percentage of total count
                 A         B        C        D         E       F
            +---------+---------+-------+---------+---------+-------
      Total |     126 |       0 |   0.0 |      31 |       0 |   0.0
            +---------+---------+-------+---------+---------+-------
        D:1 |      38 |       0 |   0.0 |      18 |       0 |   0.0
        D:2 |      88 |       0 |   0.0 |      13 |       0 |   0.0
            +---------+---------+-------+---------+---------+-------
